Map: Frozen Temple

Players

RotterdaM

  • Race: Zerg Zerg
  • League: Grandmaster

Pokebunny - Winner!

  • Race: Terran Terran
  • League: Grandmaster

VOD

Have the link to the VOD?

Description

Time

  • Played on: April 4, 2016, 2:01 p.m.
  • Length: 4:52
Show
View Real Time Build Order
Export as new Build Order

RotterdaM Zerg 

Build Orders: Hatch First 

Get SALT Encoding   

  12  0:01  Drone  
  13  0:13  Overlord  
  13  0:18  Drone  
  14  0:32  Drone x2  
  16  0:36  Drone  
  17  0:53  Hatchery  
  16  1:07  Spawning Pool  
  16  1:10  Extractor  
  14  1:12  Drone  
  14  1:16  Drone  
  16  1:21  Drone  
  17  1:26  Drone  
  18  1:36  Drone  
  19  1:53  Queen  
  21  2:08  Zergling x6  
  22  2:09  Zergling x2  
  22  2:11  Metabolic Boost  
  22  2:13  Queen  
  27  2:18  Zergling x2  
  27  2:37  Baneling Nest  
  26  2:50  Zergling x2  
  26  2:51  Overlord  
  26  2:52  Overlord  
  26  3:04  Overlord  
  26  3:13  Zergling x2  
  26  3:14  Zergling x12  
  33  3:27  Zergling x10  
  38  3:40  Zergling x6  
  41  3:47  Zergling x6  
  41  3:57  Zergling x4  
  37  4:07  Zergling x2  
  37  4:08  Zergling x6  
  36  4:13  Baneling x4  
  34  4:22  Zergling x4  
  34  4:24  Zergling x2  
  38  4:31  Zergling x4  
Show
View Real Time Build Order
Export as new Build Order

Pokebunny Terran - Winner!

Build Orders: Reaper Expand 

Get SALT Encoding   

  12  0:01  SCV  
  13  0:13  SCV  
  14  0:17  Supply Depot  
  14  0:25  SCV  
  15  0:39  Barracks, SCV  
  16  0:43  Refinery  
  16  0:51  SCV  
  17  1:03  SCV  
  18  1:15  SCV  
  19  1:27  Reaper  
  19  1:28  Orbital Command  
  20  1:39  Command Center  
  20  1:51  Supply Depot  
  20  1:54  SCV  
  21  2:00  Barracks Reactor  
  21  2:05  Barracks  
  21  2:06  SCV  
  22  2:19  SCV  
  22  2:20  Barracks  
  23  2:28  Refinery  
  23  2:38  Marine x2  
  23  2:40  SCV  
  26  2:52  Orbital Command  
  26  2:53  SCV  
  26  2:56  Barracks Tech Lab  
  26  2:57  Marine x2  
  26  2:58  Factory  
  29  3:05  SCV  
  30  3:13  Bunker  
  30  3:18  Marine  
  30  3:19  Marine  
  32  3:23  SCV  
  32  3:25  SCV  
  34  3:32  Marine  
  35  3:38  Marine x2  
  37  3:41  Supply Depot  
  37  3:44  Starport  
  37  3:46  Factory Reactor  
  36  4:00  SCV x2  
  36  4:05  Marine  
  36  4:06  Marine x3  
  38  4:12  SCV x2  
  40  4:26  Marine x2, SCV x2  
  40  4:27  Marine x2  
  50  4:35  Supply Depot  
  44  4:50  Bunker  
Tags
 
Add a new tag
Caveats
  • Supply blocks, unpowered buildings, or Contaminate may cause inaccurate times.
  • Supply counts are checked every 10 seconds.